 Dungeon Crawl Stone Soup version 0.25-a0-185-g6cfeca75b2 (webtiles) character file.

Game seed: 17965106443692026420, levelgen mode: deterministic

588 Leeroy the Destroyer (level 7, -1/50 HPs)
             Began as a Pale Draconian Conjurer on Nov 27, 2019.
             Killed by divine providence
             ... invoked by an orc priest
              (8 damage)
             ... on level 5 of the Dungeon.
             The game lasted 00:10:07 (6278 turns).

Leeroy the Destroyer (Pale Draconian Conjurer)      Turns: 6278, Time: 00:10:07

Health: -1/50      AC:  7    Str: 10    XL:     7   Next: 15%
Magic:  8/10       EV:  9    Int: 17    God:
Gold:   268        SH:  6    Dex: 12    Spells: 7/10 levels left

rFire    . . .     SeeInvis .   q - +0 long sword
rCold    . . .     Gourm    .   k - +0 shield
rNeg     + . .     Faith    .   (armour unavailable)
rPois    .         Spirit   .   (helmet restricted)
rElec    .         Reflect  .   (no cloak)
rCorr    .         Harm     .   y - +0 pair of gloves
MR       .....                  (no boots)
Stlth    ++........             (no amulet)
HPRegen  0.16/turn              c - ring of positive energy
MPRegen  0.12/turn              (no ring)

@: short of breath
A: breathe steam, unfitting armour, cold-blooded, AC +6
a: Breathe Steam


You were on level 5 of the Dungeon.
You were hungry.

You visited 1 branch of the dungeon, and saw 5 of its levels.

You collected 268 gold pieces.

Inventory:

Hand Weapons
 f - a +0 club
 l - a +0 falchion
 q - a +0 long sword (weapon)
 x - a +1 dagger of venom
 z - a +0 quarterstaff
 E - a +0 trident of venom
Missiles
 i - 178 stones
 r - 27 poisoned darts
 s - 5 javelins (quivered)
 D - 3 boomerangs
Armour
 k - a +0 shield (worn)
 y - a +0 pair of gloves (worn)
Jewellery
 c - a ring of positive energy (left hand)
Wands
 v - a wand of flame (8)
 C - a wand of random effects (24)
Scrolls
 d - 3 scrolls of identify
 e - 5 scrolls of remove curse
 g - 2 scrolls of magic mapping {unknown}
 m - 2 scrolls of fear
 o - a scroll of noise {unknown}
 p - 2 scrolls of enchant armour {unknown}
 w - 2 scrolls of teleportation {unknown}
 A - a scroll of fog {unknown}
 B - 2 scrolls of enchant weapon {unknown}
 I - a scroll of amnesia {unknown}
Potions
 a - 3 potions of berserk rage
 h - a potion of magic {unknown}
 j - 2 potions of haste {unknown}
 n - 3 potions of heal wounds
 t - a potion of cancellation {unknown}
 u - a potion of mutation {unknown}
 F - a potion of lignification {unknown}
 G - a potion of ambrosia {unknown}
 H - a potion of agility {unknown}
 K - 2 potions of brilliance {unknown}
Comestibles
 b - 6 rations


   Skills:
 + Level 2.9 Long Blades
 - Level 1.7 Dodging
 - Level 1.7 Stealth
 - Level 2.0 Spellcasting
 - Level 8.1 Conjurations


You had 7 spell levels left.
You knew the following spells:

 Your Spells              Type           Power        Failure   Level  Hunger
a - Magic Dart            Conj           ####         4%          1    #......
b - Searing Ray           Conj           ####..       8%          2    ###....

Your spell library contained the following spells:

 Spells                   Type           Power        Failure   Level  Hunger
 Iskenderun's Mystic Bla  Conj           ####....     43%         4    #####..
 Dazzling Spray           Conj/Hex       ###...       61%         3    ###....
 Beastly Appendage        Tmut           #.....       80%         1    #......
 Sticks to Snakes         Tmut           #.......     90%         2    ###....
 Force Lance              Conj/Tloc      ###.....     95%         4    #####..
 Fulminant Prism          Conj/Hex       ###.......   95%         4    #####..
 Spider Form              Tmut/Pois      #.........   99%         3    ###....
 Ice Form                 Ice/Tmut       #.......     100%        4    #####..
 Blade Hands              Tmut           #.........   100%        5    ######.


Dungeon Overview and Level Annotations

Branches:
Dungeon (5/15)             Temple (0/1) D:5

Altars:
Okawaru
Yredelemnul

Annotations:
D:4 Dowan


Innate Abilities, Weirdness & Mutations

You can breathe blasts of scalding, opaque steam.
Your pale cyan-grey scales are hard. (AC +6)
You cannot fit into any form of body armour.
You are cold-blooded and may be slowed by cold attacks.


Message History

* * * LOW HITPOINT WARNING * * *
Something shocks you.
* * * LOW HITPOINT WARNING * * *
The orc closely misses you. x2; You riposte.
You barely miss the orc.
Your tail-slap misses the orc.
Unknown command.
You hit the orc.
You tail-slap the orc, but do no damage.
The orc is lightly wounded.
Something hits you but does no damage. The orc barely misses you.
You riposte.
You hit the orc.
The orc is severely wounded.
The orc closely misses you.
Unknown command.
You barely miss the orc.
The orc is severely wounded.
Something hits you but does no damage.
The orc priest calls down the wrath of Beogh upon you.
Beogh smites you!
You die...

##..#.##.........
#...#.#............##
...##...............#
.####...............#
## #...............#
#...............#
.##.##............#
.....#.......ooo.#
........[..o§o§@.#
...⌠..##.###..{...#
......#..# #......#
>......## #......#
.o...#. #......#
..⌠..#. #...$..# a...
.. ######## ... #.
.## #.


You could see an orc priest and 3 orcs.

Vanquished Creatures
  A phantom (D:5)
  A scorpion (D:4)
  A hound (D:2)
  2 orc priests (D:3)
  A bullfrog skeleton (D:5)
  3 orc wizards
  Ijyb (D:4)
  A worker ant (D:5)
  A worker ant zombie (D:5)
  A gnoll (D:1)
  6 adders
  2 oozes
  2 adder skeletons
  3 worms
  A dart slug (D:2)
  4 leopard geckos
  13 orcs
  2 giant cockroaches (D:3)
  7 goblins
  9 hobgoblins
  2 quokkas (D:4)
  A ball python (D:3)
  4 bats
  4 frilled lizards (D:1)
  A kobold (D:2)
  7 rats
81 creatures vanquished.

Vanquished Creatures (others)
  An orc wizard (D:3)
1 creature vanquished.

Grand Total: 82 creatures vanquished

Notes
Turn   | Place    | Note
-------+----------+-------------------------------------------
     0 | D:1      | Leeroy the Draconian Conjurer began the quest for the Orb.
     0 | D:1      | Reached XP level 1. HP: 14/14 MP: 3/3
    53 | D:1      | Reached XP level 2. HP: 17/20 MP: 3/5
    57 | D:1      | Learned a level 2 spell: Searing Ray
   770 | D:1      | Found an iron altar of Okawaru.
  1010 | D:1      | Reached skill level 5 in Conjurations
  1010 | D:1      | Reached XP level 3. HP: 24/26 MP: 1/6
  1579 | D:2      | Reached XP level 4. HP: 26/33 MP: 7/7
  2510 | D:2      | Reached skill level 6 in Conjurations
  3438 | D:3      | Reached XP level 5. HP: 38/38 MP: 8/8
  4092 | D:3      | Reached skill level 7 in Conjurations
  4128 | D:3      | Reached XP level 6. HP: 20/45 MP: 0/9
  4524 | D:3      | Found a basalt altar of Yredelemnul.
  4990 | D:4      | Noticed Ijyb
  5014 | D:4      | Killed Ijyb
  5681 | D:4      | Noticed Dowan
  5880 | D:5      | Entered Level 5 of the Dungeon
  5977 | D:5      | Reached skill level 8 in Conjurations
  6240 | D:5      | Your scales start taking on a pale cyan-grey colour.
  6240 | D:5      | Reached XP level 7. HP: 43/50 MP: 2/10
  6255 | D:5      | Found a staircase to the Ecumenical Temple.
  6278 | D:5      | Killed from afar by an orc priest

Levels and vault maps discovered:
D:1:      doesnt_arrival_eight_statues, layout_rooms, serial_forest,
          infiniplex_forest_lined_room_2, infiniplex_forest_zigzag_2,
          infiniplex_forest_lined_3, infiniplex_forest_lined_4_way,
          infiniplex_forest_lined_3_way, infiniplex_forest_clump_small,
          infiniplex_forest_clump_double, okawaru_ov_weapons_minmay
D:2:      layout_basic, fountainhead, minmay_quadrilaterals
D:3:      layout_loops_corners, yredelemnul_altar_generic, first_ration
D:4:      layout_gridville, kennysheep_generic_room_16, uniq_ijyb, uniq_duvessa,
          uniq_crazy_yiuf_cottage
D:5:      layout_rooms, minmay_temple_entry_large_hall, serial_shops,
          kennysheep_mini, minmay_puff

Skill      XL: |  1  2  3  4  5  6 |
---------------+-------------------+-----
Conjurations   | 5 6 7 8 |  8.1
Long Blades    | 2 |  2.9
Dodging        | |  1.7
Stealth        | |  1.7
Spellcasting   | |  2.0

Action                   |  1- 3 |  4- 6 |  7- 9 || total
-------------------------+-------+-------+-------++-------
Melee: Unarmed           |    41 |       |       ||    41
       Tailslap          |     9 |    37 |     2 ||    48
       Club              |    24 |       |       ||    24
       Falchion          |    52 |     7 |       ||    59
       Long sword        |       |   232 |    12 ||   244
Throw: Javelin           |       |     1 |       ||     1
       Stone             |       |     1 |       ||     1
 Cast: Searing Ray       |     5 |     8 |       ||    13
       Magic Dart        |     3 |     1 |       ||     4
 Abil: Breathe Steam     |       |       |     2 ||     2
  Use: Potion            |       |     2 |       ||     2
       Scroll            |       |     3 |       ||     3
 Stab: Sleeping          |     2 |     6 |       ||     8
  Eat: Chunk             |     3 |    12 |       ||    15
       Ration            |       |     1 |       ||     1
Armor: Skin              |    29 |    93 |     7 ||   129
Dodge: Dodged            |    79 |   103 |     8 ||   190
Block: Shield            |    22 |    88 |     6 ||   116
       Rpst.: Falchion   |    12 |       |       ||    12
       Long sword        |       |    39 |     4 ||    43

Table legend:
 A = Non-vault XP
 B = Vault XP
 C = Vault XP percentage of total XP
 D = Non-vault monster count
 E = Vault monster count
 F = Vault count percentage of total count
                 A         B        C        D         E       F
            +---------+---------+-------+---------+---------+-------
      Total |     670 |     171 |  20.3 |      73 |       9 |  11.0
            +---------+---------+-------+---------+---------+-------
        D:1 |      49 |       0 |   0.0 |      20 |       0 |   0.0
        D:2 |     131 |      13 |   9.0 |      19 |       4 |  17.4
        D:3 |     242 |       0 |   0.0 |      23 |       0 |   0.0
        D:4 |       9 |     108 |  92.3 |       3 |       2 |  40.0
        D:5 |     239 |      50 |  17.3 |       8 |       3 |  27.3
            +---------+---------+-------+---------+---------+-------
